AoeStats
← Malelf

Arabia

507270270Analyzed
1v1 RM · 14d ago on Sep 17, 2026· 22m 28s· 2 players
Game mode
Random Map
Map size
Tiny (2 player)
Population
200
Speed
Normal
Resources
Standard
Victory
Conquest
Starting age
Dark Age
Ending age
Imperial Age
RankedLock teamsTeams togetherTeam positionsShared explorationLock speedFull tech treeHidden civsTurbo modeCheats
Victory
Defeat
🇷🇺 Mapuche · Russia
1833
+10
🇮🇹 Mongols · Italy
1700
-10
Malelf
8:46 Loom
10:57 Feudal Age
11:50 Double-Bit Axe
16:54 Castle Age
16:39 Horse Collar
17:19 Fletching
17:25 Gold Mining
k1ngkong
5:21 Loom
5:26 Loom
9:33 Feudal Age
15:17 Castle Age
14:39 Fletching
16:14 Double-Bit Axe
21:01 Bodkin Arrow
Connection lost

Rejoining the realm…

Still unreachable

The connection could not be restored.

Session expired

The server has moved on; the page needs a fresh start.